 Dungeon Crawl Stone Soup version 0.21-a0-264-g3e31e41 (webtiles) character file.

252 JackS81 the Stinger (level 5, -1/28 HPs)
             Began as a Deep Elf Venom Mage on Sept 9, 2017.
             Slain by a bullfrog skeleton (6 damage)
             ... on level 4 of the Dungeon.
             The game lasted 00:15:00 (3149 turns).

JackS81 the Stinger (Deep Elf Venom Mage)           Turns: 3149, Time: 00:15:01

Health: -1/28      AC:  4    Str:  5    XL:     5   Next: 89%
Magic:  0/11       EV: 13    Int: 21    God:
Gold:   148        SH:  0    Dex: 15    Spells: 1/10 levels left

rFire    . . .     SeeInvis .   f - +0 short sword (speed)
rCold    . . .     Gourm    .   (no shield)
rNeg     + . .     Faith    .   a - +0 robe
rPois    .         Spirit   .   (no helmet)
rElec    .         Reflect  .   j - +1 cloak
rCorr    .         Harm     .   (no gloves)
MR       .....                  (no boots)
Stlth    ++........             (no amulet)
HPRegen  0.09/turn              v - ring of positive energy
MPRegen  0.12/turn              (no ring)

@: no status effects
A: no striking features
a: no special abilities


You were on level 4 of the Dungeon.
You were not hungry.

You visited 1 branch of the dungeon, and saw 4 of its levels.

You collected 148 gold pieces.

Inventory:

Hand Weapons
 f - a +0 short sword of speed (weapon)
Missiles
 e - 92 stones (quivered)
Armour
 a - a +0 robe (worn)
 j - a +1 cloak (worn)
Jewellery
 q - an uncursed ring of teleportation
 v - a ring of positive energy (left hand)
Scrolls
 h - 2 scrolls of random uselessness
 k - 2 scrolls of remove curse
 l - 2 scrolls of immolation {unknown}
 m - 7 scrolls of identify {unknown}
 n - 2 scrolls of fear {unknown}
 p - a scroll of teleportation {unknown}
 s - 4 scrolls of enchant armour {unknown}
 t - a scroll of noise {unknown}
 x - a scroll of enchant weapon {unknown}
Books
 b - a Young Poisoner's Handbook

   Spells                             Type                      Level
   a - Sting                          Conjuration/Poison           1
   b - Poisonous Vapours              Poison/Air                   2
   c - Mephitic Cloud                 Conjuration/Poison/Air       3
   d - Olgreb's Toxic Radiance        Poison                       4
   e - Venom Bolt                     Conjuration/Poison           5
 o - a book of Maledictions

   Spells                             Type                      Level
   a - Corona                         Hexes                        1
   b - Ensorcelled Hibernation        Hexes/Ice                    2
   c - Confuse                        Hexes                        3
   d - Tukima's Dance                 Hexes                        3
   e - Dazzling Spray                 Conjuration/Hexes            3
 r - a book of Minor Magic

   Spells                             Type                      Level
   a - Magic Dart                     Conjuration                  1
   b - Blink                          Translocation                2
   c - Call Imp                       Summoning                    2
   d - Slow                           Hexes                        2
   e - Conjure Flame                  Conjuration/Fire             3
   f - Mephitic Cloud                 Conjuration/Poison/Air       3
Comestibles
 c - 3 bread rations
 d - a fruit
 i - 2 meat rations
 u - 3 chunks of flesh


   Skills:
 - Level 2.4 Dodging
 - Level 2.4 Stealth
 - Level 3.0 Spellcasting
 * Level 2.7 Conjurations
 * Level 6.8 Poison Magic


You had one spell level left.
You knew the following spells:

 Your Spells              Type           Power        Failure   Level  Hunger
a - Sting                 Conj/Pois      ###.         1%          1    None
b - Mephitic Cloud        Conj/Pois/Air  ###.....     11%         3    ###....
c - Magic Dart            Conj           ##..         4%          1    None
d - Olgreb's Toxic Radia  Pois           ####....     8%          4    ####...


Dungeon Overview and Level Annotations

Branches:
Dungeon (4/15)
 Temple: D:4-7

Altars:

Shops:
D:4 (=}


Message History

* * * LOW HITPOINT WARNING * * *
It was a potion of cancellation.
Your magical effects are unravelling.
You feel magically purged.
You feel a little less clever now.
The bullfrog skeleton hits you but does no damage.
The bullfrog skeleton misses you.
Casting: Magic Dart
Confirm with . or Enter, or press ? or * to list all spells.
Aiming: Magic Dart
Press: ? - help, Shift-Dir - straight line, f/p - bullfrog skeleton
Aim: a bullfrog skeleton (heavily damaged)
The magic dart hits the bullfrog skeleton.
The bullfrog skeleton is heavily damaged.
The bullfrog skeleton hits you.
* * * LOW HITPOINT WARNING * * *
The bullfrog skeleton misses you.
There is a stone staircase leading up here.
The bullfrog skeleton hits you.
You die...

#############
#######.Z@........# #.
..>.....#########.########
..#####.#####<# #.........
o..#.. #s# ##########
#.#.## #.# #....## #.#
####O....#####.#
....)........O.#
.....)..)....#.#


You could see a bullfrog skeleton.

Vanquished Creatures
  A hound (D:4)
  An orc priest (D:4)
  2 worker ants (D:4)
  9 adders
  An adder skeleton (D:4)
  3 worms (D:2)
  3 leopard geckos
  4 orcs
  A ball python (D:4)
  5 bats
  A giant cockroach (D:2)
  2 goblins
  6 hobgoblins
  2 jackals (D:3)
  A quokka (D:2)
  2 frilled lizards
  8 kobolds
  5 rats
57 creatures vanquished.

Notes
Turn   | Place    | Note
-------+----------+-------------------------------------------
     0 | D:1      | JackS81 the Deep Elf Venom Mage began the quest for the Orb.
     0 | D:1      | Reached XP level 1. HP: 10/10 MP: 6/6
   277 | D:1      | Reached XP level 2. HP: 7/15 MP: 4/8
   471 | D:1      | Reached skill level 4 in Poison Magic
  1022 | D:2      | Reached XP level 3. HP: 7/19 MP: 0/9
  1266 | D:2      | Learned a level 3 spell: Mephitic Cloud
  1480 | D:2      | Reached skill level 5 in Poison Magic
  1778 | D:2      | Learned a level 1 spell: Magic Dart
  1946 | D:3      | Reached XP level 4. HP: 24/24 MP: 5/10
  2774 | D:4      | Found Datadgh's Antique Weapon Boutique.
  2781 | D:4      | Reached skill level 6 in Poison Magic
  2788 | D:4      | Learned a level 4 spell: Olgreb's Toxic Radiance
  2815 | D:4      | Reached XP level 5. HP: 28/28 MP: 6/11
  2971 | D:4      | Found Jerilul's Jewellery Shoppe.
  3025 | D:4      | Found Qahu's Gadget Boutique.
  3114 | D:4      | Noticed an ogre
  3149 | D:4      | Slain by a bullfrog skeleton

Vault maps used:
D:1:      onia_arrival_mini_maze
D:2:      first_bread, serial_park_tiny_pond
D:4:      minmay_temple_entry_enclosed_plants, serial_shops,
          kennysheep_little_box, shop, shop, shop_fountains,
          nicolae_shop_competitors_out_of_business

Skill      XL: |  1  2  3  4  5 |
---------------+----------------+-----
Poison Magic   | 4 5 6 |  6.8
Conjurations   | 2 |  2.7
Dodging        | |  2.4
Stealth        | |  2.4
Spellcasting   | |  3.0

Action                   |  1- 3 |  4- 6 || total
-------------------------+-------+-------++-------
Melee: Short sword       |    11 |    28 ||    39
Throw: Stone             |     1 |       ||     1
 Cast: Sting             |    67 |    42 ||   109
       Mephitic Cloud    |     1 |     3 ||     4
       Magic Dart        |       |    13 ||    13
  Use: Potion            |     1 |     2 ||     3
       Scroll            |     2 |       ||     2
 Stab: Confused          |       |     3 ||     3
  Eat: Chunk             |     3 |     4 ||     7
Armor: Robe              |     3 |     9 ||    12
Dodge: Dodged            |    19 |    23 ||    42

Table legend:
 A = Spawn XP
 B = Non-spawn XP
 C = Spawn XP percentage of total XP
 D = Spawn monster count
 E = Non-spawn monster count
 F = Spawn count percentage of total count
 G = Total turns spent on level
                    A         B        C        D         E        F      G
               +---------+---------+-------+---------+---------+-------+---------
         Total |       0 |     360 |   0.0 |       0 |      57 |   0.0 |  3149
               +---------+---------+-------+---------+---------+-------+---------
           D:1 |       0 |      23 |   0.0 |       0 |      15 |   0.0 |   987
           D:2 |       0 |      62 |   0.0 |       0 |      16 |   0.0 |   925
           D:3 |       0 |      82 |   0.0 |       0 |      13 |   0.0 |   862
           D:4 |       0 |     193 |   0.0 |       0 |      13 |   0.0 |   375
               +---------+---------+-------+---------+---------+-------+---------
